 Dungeon Crawl Stone Soup version 0.25.1-11-g244df3a29b (webtiles) character file.

Game seed: 2986539701008794257

149 Mickster the Sneak (level 4, -14/38 HPs)
             Began as a Demigod Wanderer on Feb 20, 2023.
             Demolished by an orc warrior
             ... wielding a +0 mace
              (15 damage)
             ... on level 3 of the Dungeon.
             The game lasted 00:37:27 (2899 turns).

Mickster the Sneak (Demigod Wanderer)               Turns: 2899, Time: 00:37:30

Health: -14/38     AC: 12    Str: 14    XL:     4   Next: 82%
Magic:  6/6        EV:  8    Int: 15    God:
Gold:   145        SH:  5    Dex: 19    Spells: 3/3 levels left

rFire    . . .     SeeInvis .   a - +6 spear
rCold    . . .     Gourm    .   (no shield)
rNeg     . . .     Faith    .   j - +0 plate armour
rPois    .         Spirit   .   o - +0 helmet
rElec    .         Reflect  +   (no cloak)
rCorr    .         Harm     .   (no gloves)
MR       .....                  p - +0 pair of boots
Stlth    ..........             w - amulet of reflection
HPRegen  0.12/turn              h - +4 ring of evasion
MPRegen  0.10/turn              (no ring)

@: no status effects
A: high mp 1
a: no special abilities


You were on level 3 of the Dungeon.
You were not hungry.

You visited 1 branch of the dungeon, and saw 3 of its levels.

You collected 145 gold pieces.

Inventory:

Hand Weapons
 a - a +6 spear (weapon)
 b - a +0 short sword
 d - a +0 dagger
 g - a +0 club
 k - a +1 hunting sling
Missiles
 e - 97 stones
 i - 82 arrows
 s - 8 boomerangs (quivered)
Armour
 c - a +0 ring mail
 j - a +0 plate armour (worn)
 o - a +0 helmet (worn)
 p - a +0 pair of boots (worn)
Jewellery
 h - a +4 ring of evasion (left hand)
 w - an amulet of reflection (around neck)
Scrolls
 l - 3 scrolls of blinking
 n - 3 scrolls of identify
 q - 3 scrolls of fog
 v - a scroll of teleportation
Potions
 m - a potion of curing
 r - 3 potions of stabbing
Comestibles
 f - 6 rations


   Skills:
 + Level 3.2 Fighting
 * Level 2.5 Polearms
 + Level 0.7(1.1) Slings
 + Level 1.3(1.4) Throwing
 + Level 1.6 Armour
 + Level 1.9 Dodging
 + Level 3.4 Stealth


You had 3 spell levels left.
You didn't know any spells.
Your spell library was empty.

Dungeon Overview and Level Annotations

Branches:
Dungeon (3/15)


Innate Abilities, Weirdness & Mutations

You have an increased reservoir of magic. (+10% MP)


Message History

Your plate armour prevents you from hitting the orc warrior.
The orc warrior is severely wounded.
The orc warrior hits you with a +0 mace.
The orc priest looks braver for a moment.
You closely miss the orc warrior.
The orc warrior is severely wounded.
You block the orc warrior's attack.
You barely miss the orc warrior.
The orc warrior is severely wounded.
You block the orc warrior's attack.
You hit the orc warrior but do no damage.
The orc warrior is severely wounded.
The orc warrior completely misses you.
You hit the orc warrior.
The orc warrior is almost dead.
The orc priest mumbles some strange prayers to Beogh against you.
Beogh smites you!
* * * LOW HITPOINT WARNING * * *
The orc warrior hits you with a +0 mace!
You die...

......# #.##..... .>
......# ####.##.#.##.##
......###.............#
.............###†.##..#
#####.###.######..##..###
............†.>.......
...#.###.######.########
#.....# #.# #.# w.. ...
#.# #@# .[..... #.# #o#
## .... #.######o#######
.......o.......
#..........####
#.........<# #..........#
#..........# #.o........#


You could see an orc warrior, an orc priest and an orc.

Vanquished Creatures
  Robin (D:2)
  6 adders
  An ooze (D:2)
  2 worms (D:3)
  A dart slug (D:1)
  2 leopard geckos (D:1)
  4 orcs (D:3)
  8 bats
  14 goblins
  6 hobgoblins
  3 jackals
  3 ball pythons
  4 frilled lizards
  6 kobolds
  9 rats
70 creatures vanquished.

Notes
Turn   | Place    | Note
-------+----------+-------------------------------------------
     0 | D:1      | Mickster the Demigod Wanderer began the quest for the Orb.
     0 | D:1      | Mickster set off with the following items: a +2 spear, a +0
                  | short sword, a +0 ring mail, a +0 dagger, a ration
     0 | D:1      | Reached XP level 1. HP: 18/18 MP: 3/3
   241 | D:1      | Reached XP level 2. HP: 24/25 MP: 4/4
  1159 | D:2      | Reached skill level 1 in Polearms
  1159 | D:2      | Reached XP level 3. HP: 26/31 MP: 5/5
  1356 | D:2      | Noticed Robin
  1384 | D:2      | Killed Robin
  1750 | D:2      | Reached XP level 4. HP: 33/38 MP: 6/6
  2577 | D:3      | Found a snail-covered altar of Cheibriados.
  2866 | D:3      | Noticed an orc warrior
  2899 | D:3      | HP: 1/38 [orc priest/divine providence (12)]
  2899 | D:3      | Demolished by an orc warrior

Illustrated notes

Levels and vault maps discovered:
D:1:      sevenhm_arrival_forest_fort_large_4, layout_basic, minmay_pentomino_u2
D:2:      layout_loops_ring, first_ration, uniq_robin
D:3:      layout_basic, cheibriados_altar_1, lemuel_doored_altar,
          minmay_fractal_squares_diagonal_5

Skill      XL: |  1  2  3  4 |
---------------+-------------+-----
Stealth        | 3 |  3.4
Fighting       | 3 |  3.2
Polearms       | 1 2 |  2.5
Slings         | |  0.7
Throwing       | |  1.3
Armour         | |  1.6
Dodging        | |  1.9

Action                   |  1- 3 |  4- 6 || total
-------------------------+-------+-------++-------
Melee: Spear             |   109 |    83 ||   192
 Fire: Hunting sling     |    11 |    16 ||    27
Throw: Stone             |    17 |       ||    17
  Use: Scroll            |     6 |     7 ||    13
       Potion            |     2 |     3 ||     5
 Stab: Sleeping          |     2 |       ||     2
  Eat: Ration            |     1 |     1 ||     2
Armor: Ring mail         |     6 |       ||     6
       Plate armour      |    72 |    68 ||   140
Dodge: Dodged            |    68 |    40 ||   108
Block: Other             |       |     5 ||     5
